 Dungeon Crawl Stone Soup version 0.25.0-9-g26727b657a (webtiles) character file.

Game seed: 12632035552542795422

725672 MisterFreud the Champion of Chaos (level 27, -27/311 HPs)
             Began as a Deep Dwarf Fighter on June 21, 2020.
             Was the Champion of Makhleb.
             Annihilated by an Ice Fiend (41 damage)
             ... on level 6 of the Dungeon.
             The game lasted 02:26:21 (53373 turns).

MisterFreud the Champion of Chaos (DDFi)           Turns: 53373, Time: 02:26:22

Health: -27/311    AC: 43    Str: 29    XL:     27
Magic:  19/19      EV: 14    Int:  9    God:    Makhleb [******]
Gold:   8882       SH: 35    Dex: 13    Spells: 26/26 levels left

rFire    . . .     SeeInvis +   s - +9 broad axe (vamp)
rCold    . . .     Gourm    .   I - +8 tower shield {rN+}
rNeg     + + .     Faith    .   t - +8 chain mail "Teupol" {MR+ Slay+3}
rPois    +         Spirit   .   H - +1 helmet of the Invisible Mice {+Inv MR+ SInv}
rElec    +         Reflect  .   R - +2 cloak
rCorr    .         Harm     .   T - +2 pair of gloves {Dex+3}
MR       +++++                  E - +2 pair of boots
Stlth    +.........             w - amulet of the Air {Inacc +Fly rElec EV+5 RMsl}
HPRegen  0.00/turn              X - ring of Gipeupri {AC+4 Slay+3}
MPRegen  0.16/turn              O - ring of Surprise {rPois Slay+6}

@: non-regenerating, studying Stealth, repel missiles
A: damage resistance, heal wounds, blurry vision 1, clumsy 1, deterioration 1,
dopey 1, mutation resistance 1, negative energy resistance 1, sense surroundings
3, robust 1, screaming 1, weak 1, no regeneration
0: Orb of Zot
}: 4/15 runes: decaying, serpentine, slimy, silver
a: Heal Wounds, Minor Destruction, Lesser Servant of Makhleb, Major Destruction,
Greater Servant of Makhleb, Renounce Religion, Evoke Invisibility, Evoke Flight


You were on level 6 of the Dungeon.
You worshipped Makhleb.
Makhleb was exalted by your worship.
You were hungry.

You visited 11 branches of the dungeon, and saw 55 of its levels.
You visited the Abyss 1 time.
You also visited: Trove, Sewer, Ossuary, Bailey, Ice Cave and Volcano.

You collected 15015 gold pieces.
You spent 6133 gold pieces at shops.

Inventory:

Hand Weapons
 s - a +9 vampiric broad axe (weapon)
Missiles
 N - 5 throwing nets (quivered)
Armour
 t - the +8 chain mail "Teupol" (worn) {MR+ Slay+3}
   (You bought it in a shop on level 4 of the Snake Pit)

   It affects your accuracy and damage with ranged weapons and melee attacks
   (+3).
   It affects your resistance to hostile enchantments.
 E - a +2 pair of boots (worn)
 H - the +1 helmet of the Invisible Mice (worn) {+Inv MR+ SInv}
   (You found it on level 7 of the Dungeon)

   It affects your resistance to hostile enchantments.
   It lets you see invisible.
   It lets you turn invisible.
 I - a +8 tower shield of positive energy (worn)
 R - a +2 cloak (worn)
 T - a +2 pair of gloves of dexterity (worn)
Jewellery
 w - the amulet of the Air (around neck) {Inacc +Fly rElec EV+5 RMsl}
   (You found it on level 5 of the Vaults)

   [amulet of inaccuracy]

   It reduces the accuracy of all your attacks.
   It affects your evasion (+5).
   It insulates you from electricity.
   It lets you fly.
   It protects you from missiles.
 z - the ring of Makhleb's Outrage {rPois rF+ EV+4 Int+7 Dex-3}
   (You found it in a treasure trove)

   [ring of evasion]

   It affects your evasion (+4).
   It affects your intelligence (+7).
   It affects your dexterity (-3).
   It protects you from fire.
   It protects you from poison.
 D - the ring "Sygaroy" {*Corrode rC+++ MR++ Str+6 Stlth+}
   (You bought it in a shop on level 1 of the Orcish Mines)

   [ring of strength]

   It affects your strength (+6).
   It renders you almost immune to cold.
   It affects your resistance to hostile enchantments.
   It may corrode you when you take damage.
   It makes you more stealthy.
 J - the ring of Erivics {rN+ MR+ Dex+6}
   (You acquired it on level 14 of the Dungeon)

   [ring of dexterity]

   It affects your dexterity (+6).
   It protects you from negative energy.
   It affects your resistance to hostile enchantments.
 O - the ring of Surprise (right hand) {rPois Slay+6}
   (You found it on level 14 of the Dungeon)

   [ring of poison resistance]

   It affects your accuracy and damage with ranged weapons and melee attacks
   (+6).
   It protects you from poison.
 V - the brooch of Shielding {Spirit SH+8}
   (You took it off a naga sharpshooter on level 2 of the Snake Pit)

   [amulet of guardian spirit]

   It causes incoming damage to be split between your health and magic.
   It affects your SH (+8).
 X - the ring of Gipeupri (left hand) {AC+4 Slay+3}
   (You found it on level 3 of the Elven Halls)

   [ring of protection]

   It affects your AC (+4).
   It affects your accuracy and damage with ranged weapons and melee attacks
   (+3).
Wands
 b - a wand of acid (21)
 p - a wand of flame (42)
 r - a wand of paralysis (29)
 v - a wand of clouds (8)
 y - a wand of disintegration (20)
 B - a wand of polymorph (64)
 C - a wand of digging (27)
 Z - a wand of iceblast (41)
Scrolls
 a - 3 scrolls of blinking
 e - 12 scrolls of fear
 g - 3 scrolls of enchant armour
 h - 14 scrolls of fog
 i - 5 scrolls of magic mapping
 l - 17 scrolls of teleportation
 o - 10 scrolls of identify
Potions
 d - 15 potions of heal wounds
 k - 5 potions of haste
 q - 5 potions of berserk rage
 x - 6 potions of invisibility
 F - 8 potions of might
 G - 12 potions of flight
 L - a potion of magic {unknown}
 P - 6 potions of cancellation
 Q - 4 potions of resistance
 S - 9 potions of mutation
 U - 6 potions of stabbing
 W - 5 potions of curing
 Y - 2 potions of ambrosia
Books
 j - a manual of Stealth
Miscellaneous
 n - 3 phantom mirrors
 u - a phial of floods
 A - a tin of tremorstones (3/3)
 K - 5 boxes of beasts
 M - a lightning rod (4/4)
Comestibles
 f - 102 rations


   Skills:
 + Level 23.5 Fighting
 - Level 23.2 Axes
 - Level 23.4 Armour
 - Level 15.0 Stealth
 - Level 26.1 Shields
 O Level 27 Invocations
 - Level 16.0 Evocations


You had 26 spell levels left.
You didn't know any spells.
Your spell library contained the following spells:

 Spells                   Type           Power        Failure   Level  Hunger
 Animate Skeleton         Necr           N/A          67%         1    ##.....
 Beastly Appendage        Tmut           #.....       67%         1    ##.....
 Corona                   Hex            #......      67%         1    ##.....
 Foxfire                  Conj/Fire      #...         67%         1    ##.....
 Magic Dart               Conj           #...         67%         1    ##.....
 Pain                     Necr           #...         67%         1    ##.....
 Shock                    Conj/Air       #...         67%         1    ##.....
 Sting                    Tmut/Pois      #...         67%         1    ##.....
 Summon Butterflies       Summ           #.......     67%         1    ##.....
 Summon Small Mammal      Summ           #...         67%         1    ##.....
 Blink                    Tloc           N/A          82%         2    ###....
 Corpse Rot               Necr/Air       N/A          82%         2    ###....
 Ensorcelled Hibernation  Hex/Ice        #.....       82%         2    ###....
 Passwall                 Tmut/Erth      #.......     82%         2    ###....
 Poisonous Vapours        Pois/Air       #.....       82%         2    ###....
 Searing Ray              Conj           #.....       82%         2    ###....
 Shroud of Golubria       Chrm/Tloc      #.....       82%         2    ###....
 Slow                     Hex            #.......     82%         2    ###....
 Swiftness                Chrm/Air       #.......     82%         2    ###....
 Call Canine Familiar     Summ           #.......     96%         3    ####...
 Confusing Touch          Hex            #.......     96%         3    ####...
 Conjure Flame            Conj/Fire      #.......     96%         3    ####...
 Dazzling Flash           Conj/Hex       #.....       96%         3    ####...
 Gell's Gravitas          Tloc           #.........   96%         3    ####...
 Ignite Poison            Fire/Tmut/Pois #.......     96%         3    ####...
 Inner Flame              Hex/Fire       #.......     96%         3    ####...
 Lesser Beckoning         Tloc           #.........   96%         3    ####...
 Mephitic Cloud           Conj/Pois/Air  #.......     96%         3    ####...
 Portal Projectile        Hex/Tloc       #.....       96%         3    ####...
 Static Discharge         Conj/Air       #.......     96%         3    ####...
 Stone Arrow              Conj/Erth      #.....       96%         3    ####...
 Summon Guardian Golem    Hex/Summ       #.......     96%         3    ####...
 Teleport Other           Tloc           #.......     96%         3    ####...
 Tukima's Dance           Hex            #.......     96%         3    ####...
 Vampiric Draining        Necr           #.........   96%         3    ####...
 Airstrike                Air            #.........   100%        4    #####..
 Animate Dead             Necr           N/A          100%        4    #####..
 Cause Fear               Hex            #.........   100%        4    #####..
 Ice Form                 Ice/Tmut       #.......     100%        4    #####..
 Leda's Liquefaction      Hex/Erth       #.........   100%        4    #####..
 Olgreb's Toxic Radiance  Pois           #.......     100%        4    #####..
 Petrify                  Tmut/Erth      #.......     100%        4    #####..
 Sticky Flame             Conj/Fire      #.......     100%        4    #####..
 Summon Ice Beast         Ice/Summ       #.......     100%        4    #####..
 Summon Lightning Spire   Summ/Air       #.......     100%        4    #####..
 Agony                    Necr           #.......     100%        5    ######.
 Borgnjor's Vile Clutch   Necr/Erth      #.........   100%        5    ######.
 Fireball                 Conj/Fire      #.........   100%        5    ######.
 Irradiate                Conj/Tmut      #.........   100%        5    ######.
 Lee's Rapid Deconstruct  Erth           #.........   100%        5    ######.
 Lightning Bolt           Conj/Air       #.........   100%        5    ######.
 Metabolic Englaciation   Hex/Ice        #.........   100%        5    ######.
 Silence                  Hex/Air        #.........   100%        5    ######.
 Summon Forest            Summ/Tloc      #.........   100%        5    ######.
 Summon Mana Viper        Hex/Summ       #.......     100%        5    ######.
 Yara's Violent Unravell  Hex/Tmut       #.........   100%        5    ######.
 Conjure Ball Lightning   Conj/Air       #.........   100%        6    #######
 Darkness                 Hex            #.........   100%        6    #######
 Eringya's Noxious Bog    Tmut/Pois      #.........   100%        6    #######
 Freezing Cloud           Conj/Ice/Air   #.........   100%        6    #######
 Hydra Form               Tmut           #.........   100%        6    #######
 Invisibility             Hex            #.......     100%        6    #######
 Ozocubu's Refrigeration  Ice            #.........   100%        6    #######
 Shadow Creatures         Summ           N/A          100%        6    #######
 Simulacrum               Ice/Necr       #.........   100%        6    #######
 Starburst                Conj/Fire      #.........   100%        6    #######
 Statue Form              Tmut/Erth      #........    100%        6    #######
 Dragon Form              Tmut           #.........   100%        7    #######
 Malign Gateway           Summ/Tloc      #.........   100%        7    #######
 Ring of Flames           Chrm/Fire      #.........   100%        7    #######
 Summon Hydra             Summ           #.........   100%        7    #######
 Chain Lightning          Conj/Air       #.........   100%        8    #######
 Discord                  Hex            #.........   100%        8    #######
 Ignition                 Fire           #.........   100%        8    #######
 Lehudib's Crystal Spear  Conj/Erth      #.........   100%        8    #######
 Absolute Zero            Ice            #.........   100%        9    #######
 Fire Storm               Conj/Fire      #.........   100%        9    #######
 Tornado                  Air            #.........   100%        9    #######
 Passage of Golubria      Tloc           Unusable     N/A         4    N/A

Dungeon Overview and Level Annotations

Branches:
Dungeon (15/15)            Temple (1/1) D:4            Lair (6/6) D:8
  Swamp (4/4) Lair:3        Snake (4/4) Lair:3        Slime (5/5) Lair:5
    Orc (2/2) D:10            Elf (3/3) Orc:2        Vaults (5/5) D:13
  Crypt (0/3) Vaults:3     Depths (5/5) D:15            Zot (5/5) Depths:5
  Sewer (visited)         Ossuary (visited)          Bailey (visited)
  IceCv (visited)         Volcano (visited)

Altars:
Ashenzari
Cheibriados
Elyvilon
Fedhas
Gozag
Hepliaklqana
Kikubaaqudgha
Makhleb
Nemelex Xobeh
Okawaru
Qazlal
Ru
Trog
Uskayaw
Vehumet
Wu Jian
Xom
Yredelemnul
Zin
The Shining One
Beogh
Jiyva
Lugonu

Shops:
D:13 [   D:14 *   Orc:1 =   Orc:2 *:([   Elf:3 !   Snake:1 (   Snake:4 ![
Vaults:3 }   Depths:4 %

Portals:
Hell: Depths:1 Depths:2 Depths:3 Depths:4 Depths:5
Abyss: Depths:3 Depths:4 Depths:5
Pandemonium: Depths:1 Depths:3 Depths:5
Ziggurat: Depths:5

Annotations:
Lair:3 exclusion: oklob plant
Depths:1 1 runed translucent door
Zot:5 3 runed translucent doors


Innate Abilities, Weirdness & Mutations

You are resistant to damage.
You can heal yourself by infusing magical energy.
You resist negative energy. (rN+)
You passively map a large area around you.
You do not regenerate.
Scrolls take you a little longer to read.
You are clumsy. (Dex -2)
Your body sometimes deteriorates upon taking damage.
You are dopey. (Int -2)
You are somewhat resistant to further mutation.
You are robust. (+10% HP)
You occasionally shout uncontrollably at your foes.
You are weak. (Str -2)


Message History

You block the Ice Fiend's attack. The Ice Fiend gestures at you.
The bolt of cold hits your cacodemon!! The bolt of cold misses you.
Unknown command.
You feel much better.
Veobesch calls on the powers of darkness!
Your body is wracked with pain!
* * * LOW HITPOINT WARNING * * *
You block the Brimstone Fiend's attack. x2
The Brimstone Fiend hits you but does no damage.
You block the Hell Sentinel's attack. x2
Veobesch calls on the powers of darkness!
Your body is wracked with pain!
Your cacodemon completely misses the Ice Fiend.
Your cacodemon hits the Ice Fiend but does no damage.
The Ice Fiend claws you but does no damage.
The Ice Fiend claws you!
* * * LOW HITPOINT WARNING * * *
The Ice Fiend freezes you!!!
You die...

##..........#.#.#.##.#...###.#
#..........#...#.##.#.#.....####
##...###........#................
..#### #....##..####.#...........
..# #....###.## #.####........
..#########.###..###.####.......)
..#..........###§##..............
..#..[.......###§##...........##.
..#..........§12@##..............
......#########111...............
..............l2&..#.#######.....
..............§§§§§#.#######.....
.................§.#.#...........
.................#.#.#...........
.................&...#.....[.....
.................#...#...........
.................#...#...........


You could see Veobesch (misshapen), a Hell Sentinel (summoned), a Brimstone
Fiend (summoned), 2 Ice Fiends, a shadow demon, a leopard gecko (summoned) and a
friendly cacodemon (summoned).

Vanquished Creatures
  the Royal Jelly (Slime:5)
  4 orbs of fire (Zot:5)
  6 ancient liches
  A juggernaut (Depths:4)
  4 Killer Klowns
  2 pandemonium lords (Zot:5)
  the Lernaean hydra (Swamp:4)
  Frederick (Depths:3)
  9 golden dragons
  2 curse toes
  Nikola (Swamp:1)
  A profane servitor (Abyss:4)
  the Enchantress (Depths:3)
  2 Brimstone Fiends
  4 liches
  Rupert (D:12)
  2 Hell Sentinels
  2 electric golems
  19 tentacled monstrosities
  Jorgrun (D:14)
  23 Orb Guardians
  3 deep elf blademasters
  6 quicksilver dragons
  3 deep elf master archers (Elf:3)
  29 acid blobs
  The ghost of MisterFreud the Champion of Chaos, an adept HOFi of Makhleb (Snake:2)
  5 titans (Vaults:5)
  An Executioner (D:6)
  10 death cobs
  9 sphinxes
  4 shadow dragons
  2 tentacled starspawn (Abyss:4)
  An ancient champion (Vaults:3)
  6 thorn hunters
  19 storm dragons
  The ghost of Wep Hom the Rhythm of Life and Death, an adept DsAr of Uskayaw (Snake:1)
  Roxanne (Snake:4)
  6 tengu reavers
  Agnes (Elf:2)
  14 azure jellies
  4 draconian monks
  10 nagarajas
  The ghost of Romunoh the Fetichist, an adept SpAs of Gozag (Snake:1)
  15 fire giants
  8 deep elf sorcerers
  10 draconian scorchers
  9 draconian knights
  6 orc warlords
  An emperor scorpion (Depths:3)
  The ghost of nikku the Warrior, a journeyman MiBe of Trog (Lair:6)
  4 ghost moths
  21 vault wardens
  7 deep elf elementalists
  The ghost of Wiopsas the Thaumaturge, a journeyman GnWz of Sif Muna (Snake:1)
  8 frost giants
  6 draconian shifters
  6 caustic shrike skeletons (Depths:3)
  2 reapers
  8 draconian annihilators
  A ghoul (Vaults:4)
  5 spriggan defenders (Depths:3)
  14 ironheart preservers
  6 draconian stormcallers
  A war gargoyle (Vaults:5)
  28 very ugly things
  20 stone giants
  2 entropy weavers
  The ghost of Enish the Blocker, a journeyman DDFi of Makhleb (Lair:5)
  18 green draconians
  9 red draconians
  11 deep elf demonologists
  17 yellow draconians
  16 black draconians
  6 white draconians
  11 deep elf annihilators
  A dire elephant (Depths:3)
  A minotaur (Lair:5)
  6 spark wasps
  11 purple draconians
  A crystal guardian (Vaults:5)
  13 ettins
  13 fire dragons
  A merfolk impaler (Depths:4)
  8 death oozes
  Josephine (Orc:2)
  13 deep elf death magi
  22 yaktaur captains
  12 great orbs of eyes
  9 deep elf high priests
  A rakshasa (D:15)
  Fannar (D:10)
  17 hydras
  50 vault guards
  A ghost crab (Swamp:4)
  An ice dragon (shapeshifter) (Vaults:5)
  12 ice dragons
  10 anacondas
  9 centaur warriors
  13 naga warriors
  3 shambling mangroves
  7 spriggan air magi
  7 tengu warriors
  58 two-headed ogres
  5 death knights
  An alligator (shapeshifter) (Vaults:5)
  23 dancing weapons
  21 ogre magi
  12 alligators
  8 deep troll shamans
  6 deep troll earth magi
  A vampire mage (Depths:4)
  16 naga sharpshooters
  9 death yaks
  9 thrashing horrors (Abyss:4)
  2 orc high priests
  6 small abominations
  11 spriggan berserkers
  12 shock serpents
  Nergalle (Orc:2)
  2 fire crabs
  3 wretched stars (Abyss:4)
  A sixfirhy (Abyss:4)
  2 skeletal warriors
  3 shadow wraiths
  23 deep elf knights
  6 unseen horrors
  2 iron trolls
  13 sea snakes (Snake:4)
  2 salamander mystics
  4 hell knights (Depths:4)
  9 spriggan druids
  7 glowing orange brains
  29 deep trolls
  13 large abominations
  A glowing orange brain (shapeshifter) (Elf:3)
  6 wizards
  19 deep elf archers
  23 swamp dragons
  2 necromancers
  14 ironbrand convokers
  6 phantasmal warriors
  A harpy (shapeshifter) (Elf:1)
  7 naga ritualists
  19 orc knights
  12 mana vipers
  A mana viper (shapeshifter) (D:14)
  A manticore (D:12)
  5 salamanders
  66 deep elf magi
  23 ugly things
  3 cyclopes
  4 wolf spiders
  A shining eye (shapeshifter) (Vaults:3)
  9 elephants
  6 shining eyes
  11 orc sorcerers
  24 moths of wrath
  2 moths of wrath (shapeshifter)
  3 eyes of devastation
  7 guardian serpents
  Joseph (D:7)
  12 naga magi
  An eye of devastation (shapeshifter) (Depths:2)
  51 black mambas
  A guardian serpent (shapeshifter) (D:14)
  A rust devil (D:6)
  8 vault sentinels
  3 molten gargoyles (Volcano)
  4 centaur skeletons
  2 gargoyles
  5 ice statues (IceCv)
  A black mamba (shapeshifter) (Vaults:4)
  A smoke demon (Abyss:4)
  10 spiny frogs
  5 komodo dragons
  7 rime drakes
  A komodo dragon (shapeshifter) (Depths:4)
  2 anaconda simulacra (IceCv)
  54 yaktaurs
  An efreet (Depths:1)
  12 freezing wraiths
  An ancient zyme (Abyss:4)
  2 red devils (Depths:1)
  2 jumping spiders (shapeshifter) (D:15)
  10 trolls
  7 tengu conjurers
  A yaktaur skeleton (Vaults:4)
  A harpy zombie (D:12)
  7 tyrant leeches
  A troll (shapeshifter) (Vaults:1)
  7 polar bears
  A shadow dragon simulacrum (Vaults:4)
  89 slime creatures
  A queen bee (shapeshifter) (D:15)
  10 bog bodies
  18 blink frogs
  A polar bear (shapeshifter) (Depths:5)
  6 hippogriffs
  2 dream sheep (Lair:6)
  A blink frog (shapeshifter) (Vaults:2)
  28 hornets
  A raiju (Abyss:4)
  A hippogriff (shapeshifter) (Vaults:3)
  2 meliai zombies (D:15)
  7 shadows
  60 spriggans
  3 vampires
  Sigmund (D:6)
  3 redbacks
  Eustachio (D:4)
  A spriggan (shapeshifter) (D:15)
  A dire elephant simulacrum (IceCv)
  6 water elementals
  6 wyverns
  6 basilisks
  2 basilisks (shapeshifter)
  50 yaks
  7 wraiths
  2 chaos spawn
  2 humans (shapeshifter)
  4 fire elementals
  4 neqoxecs
  A steam dragon (shapeshifter) (D:15)
  2 vampire mosquitoes (D:14)
  A redback simulacrum (D:15)
  4 hungry ghosts
  An iron troll simulacrum (IceCv)
  A steam dragon (D:11)
  12 wargs
  Edmund (D:4)
  57 nagas
  A swamp worm (shapeshifter) (Depths:1)
  15 swamp worms
  An insubstantial wisp (Swamp:4)
  3 acid dragons
  2 hell hounds (Lair:3)
  8 water moccasins
  A deep troll skeleton (Vaults:4)
  2 floating eyes (Depths:4)
  4 hydra simulacra (IceCv)
  13 porcupines
  A black bear (shapeshifter) (D:15)
  7 black bears
  12 swamp drakes
  3 sky beasts
  58 orc warriors
  4 eyes of draining
  10 ice beasts
  56 ogres
  Purgy (Sewer)
  An ettin simulacrum (IceCv)
  A hornet zombie (D:11)
  5 necrophages
  3 phantoms
  30 wolves
  15 centaurs
  A centaur (shapeshifter) (Vaults:1)
  15 boggarts
  6 crocodiles
  Blork the orc (D:4)
  3 big kobolds
  18 bullfrogs
  10 earth elementals
  A wyvern zombie (D:12)
  A glowing shapeshifter simulacrum (Vaults:4)
  8 scorpions
  14 killer bees
  24 wights
  7 howler monkeys
  An electric eel (Snake:1)
  12 crimson imps
  13 starcursed masses (Abyss:4)
  4 quasits
  7 bullfrog zombies
  22 orc priests
  3 bullfrog skeletons
  3 hounds
  A human zombie (Ossuary)
  9 jellies
  29 orc wizards
  Crazy Yiuf (D:2)
  6 centaur zombies
  2 iron imps
  3 iguanas
  12 worker ants
  A killer bee zombie (D:9)
  A bullfrog simulacrum (D:13)
  4 big kobold zombies (Ossuary)
  A hound zombie (D:8)
  2 mummies (Ossuary)
  2 hound skeletons
  Robin (D:2)
  A worker ant zombie (D:8)
  A gnoll (Orc:1)
  8 adders
  An adder (shapeshifter) (Vaults:5)
  6 shadow imps
  A white imp (Vaults:4)
  3 ufetubi (Depths:1)
  7 oozes
  2 adder skeletons (D:9)
  3 worms
  3 dart slugs
  8 leopard geckos
  96 orcs
  7 giant cockroaches
  14 goblins
  7 hobgoblins
  8 jackals
  2 quokkas
  3 ball pythons
  7 bats
  4 frilled lizards
  2 gnoll zombies (Ossuary)
  2 goblin zombies (Ossuary)
  3 hobgoblin zombies (Ossuary)
  26 kobolds
  2 orc zombies (Ossuary)
  A quokka skeleton (D:8)
  3 rats
  13 briar patches
  A butterfly (Lair:3)
  5 crawling corpses (Elf:3)
  8 fungi
  11 plants
  A starspawn tentacle (Abyss:4)
2749 creatures vanquished.

Vanquished Creatures (collateral kills)
  An ancient lich (Zot:5)
  A curse toe (Zot:5)
  An electric golem (Zot:5)
  An Orb Guardian (Zot:5)
  A hydra (D:11)
  5 blink frogs (Lair:2)
10 creatures vanquished.

Vanquished Creatures (others)
  An Orb Guardian (Zot:5)
  A fire giant (Depths:5)
  A war gargoyle (Vaults:5)
  A vampire knight (Depths:4)
  A spriggan air mage (Depths:2)
  A dancing weapon (Elf:2)
  A deep elf knight (Vaults:4)
  An unseen horror (D:8)
  A deep elf mage (Elf:3)
  A tyrant leech (Swamp:4)
  A slime creature (Slime:3)
  An orc warrior (Vaults:5)
  An ogre (Vaults:3)
  3 briar patches (Swamp:4)
  A bush (Depths:3)
  8 fungi
  2 plants (D:8)
  6 starspawn tentacles (Abyss:4)
  4 withered plants (Snake:1)
37 creatures vanquished.

Grand Total: 2796 creatures vanquished

Notes
Turn   | Place    | Note
-------+----------+-------------------------------------------
     0 | D:1      | MisterFreud the Deep Dwarf Fighter began the quest for the
                  | Orb.
     0 | D:1      | Reached XP level 1. HP: 20/20 MP: 1/1
   155 | D:1      | Reached XP level 2. HP: 25/27 MP: 2/2
   384 | D:1      | Reached XP level 3. HP: 28/33 MP: 3/3
   929 | D:2      | Found a radiant altar of Vehumet.
   929 | D:2      | Found an ancient bone altar of Kikubaaqudgha.
  1098 | D:2      | Found a runed translucent door.
  1099 | D:2      | Noticed Crazy Yiuf
  1380 | D:2      | Noticed Robin
  1386 | D:2      | Reached XP level 4. HP: 26/40 MP: 4/4
  1390 | D:2      | Killed Robin
  1390 | D:2      | Reached skill level 5 in Axes
  1498 | D:2      | Killed Crazy Yiuf
  1822 | D:3      | Reached XP level 5. HP: 28/46 MP: 5/5
  1983 | D:3      | Found an opulent altar of Gozag.
  2229 | D:4      | Noticed an ogre
  2238 | D:4      | Killed an ogre
  2277 | D:4      | Found a glowing drain.
  2282 | Sewer    | Entered a sewer
  2341 | Sewer    | Noticed Purgy
  2365 | Sewer    | Killed Purgy
  2365 | Sewer    | Reached XP level 6. HP: 48/55 MP: 5/5
  2510 | D:4      | Found a staircase to the Ecumenical Temple.
  2522 | Temple   | Entered the Ecumenical Temple
  2556 | Temple   | Became a worshipper of Makhleb the Destroyer
  2587 | D:4      | Noticed Eustachio
  2599 | D:4      | Noticed Blork the orc
  2625 | D:4      | Killed Blork the orc
  2633 | D:4      | Killed Eustachio
  2633 | D:4      | Reached XP level 7. HP: 48/61 MP: 6/6
  2740 | D:4      | Noticed Edmund
  2757 | D:4      | Killed Edmund
  2757 | D:4      | Reached skill level 5 in Armour
  2757 | D:4      | Reached skill level 5 in Shields
  2791 | D:4      | Found a bloodstained altar of Trog.
  2866 | D:4      | Found an ornate altar of the Wu Jian Council.
  2940 | D:5      | Entered Level 5 of the Dungeon
  3081 | D:5      | Found a blossoming altar of Fedhas.
  3115 | D:5      | Found a blossoming altar of Fedhas.
  3143 | D:5      | Reached XP level 8. HP: 37/68 MP: 7/7
  3595 | D:6      | Noticed Sigmund
  3603 | D:6      | Reached * piety under Makhleb
  3624 | D:6      | Identified the amulet "Riasch" {Faith Int+2}
  3633 | D:6      | Killed Sigmund
  3874 | D:6      | Reached skill level 5 in Fighting
  4127 | D:7      | Gained mutation: You passively map the area around you.
                  | [Deep Dwarf growth]
  4127 | D:7      | Reached XP level 9. HP: 63/81 MP: 8/8
  4133 | D:7      | Got a transparent helmet
  4144 | D:7      | Identified the +1 helmet of the Invisible Mice {+Inv MR+
                  | SInv} (You found it on level 7 of the Dungeon)
  4553 | D:7      | Noticed Joseph
  4564 | D:7      | Killed Joseph
  4564 | D:7      | Reached skill level 2 in Invocations
  4860 | D:8      | Reached ** piety under Makhleb
  4874 | D:8      | Reached skill level 10 in Axes
  4888 | D:7      | Reached skill level 3 in Invocations
  5055 | D:8      | Found a sand-covered staircase.
  5061 | Ossuary  | Entered an ossuary
  5109 | Ossuary  | Reached skill level 4 in Invocations
  5225 | D:8      | Found a staircase to the Lair.
  5262 | D:8      | Reached *** piety under Makhleb
  5262 | D:8      | Reached skill level 5 in Invocations
  5262 | D:8      | Reached skill level 5 in Evocations
  5531 | D:8      | Found a stormy altar of Qazlal.
  5698 | D:9      | Reached XP level 10. HP: 76/90 MP: 11/11
  5807 | D:9      | Found a hide-covered altar of Uskayaw.
  6050 | D:9      | Reached skill level 6 in Invocations
  6177 | D:9      | Reached **** piety under Makhleb
  6464 | D:8      | Noticed a fire dragon
  6464 | D:8      | Noticed an unseen horror
  6466 | D:8      | Killed an unseen horror
  6613 | Lair:1   | Entered Level 1 of the Lair of Beasts
  6676 | Lair:1   | Reached skill level 7 in Invocations
  6711 | Lair:1   | Noticed a spiny frog
  6724 | Lair:1   | Killed a spiny frog
  6954 | Lair:1   | Noticed a spiny frog
  6977 | Lair:1   | Killed a spiny frog
  7034 | Lair:1   | Reached skill level 8 in Invocations
  7428 | Lair:2   | Reached XP level 11. HP: 51/97 MP: 12/12
  8326 | Lair:3   | Noticed an eight-headed hydra
  8330 | Lair:3   | Found a glowing golden altar of the Shining One.
  8331 | Lair:3   | Noticed an oklob plant
  8347 | Lair:3   | Noticed an eight-headed hydra
  8359 | Lair:3   | Found a dark tunnel.
  8365 | Lair:3   | HP: 1/97 [hell hound/blast of flame (17)]
  8366 | Volcano  | Entered a volcano
  8417 | Volcano  | Noticed a lindwurm
  8417 | Volcano  | Noticed a lindwurm
  8436 | Volcano  | Reached ***** piety under Makhleb
  8622 | Lair:3   | HP: 2/97 [komodo dragon (18)]
  8760 | D:10     | Entered Level 10 of the Dungeon
  8766 | D:10     | Noticed an unseen horror
  8784 | D:10     | Killed an unseen horror
  8830 | D:10     | Found a staircase to the Orcish Mines.
  8963 | D:10     | Noticed Fannar
  9002 | D:10     | Killed Fannar
  9181 | D:10     | Found a roughly hewn altar of Beogh.
  9220 | D:10     | Reached skill level 10 in Evocations
  9629 | D:11     | Noticed a six-headed hydra
  9910 | D:11     | Reached XP level 12. HP: 55/105 MP: 6/6
 10361 | D:11     | Killed a six-headed hydra
 10838 | D:12     | Noticed a four-headed hydra
 10846 | D:12     | Noticed a balrug
 10895 | D:12     | Noticed Rupert
 10912 | D:12     | HP: 3/105 [Rupert/+3 vorpal great mace (28)]
 10918 | D:12     | HP: 5/105 [Rupert/+3 vorpal great mace (1)]
 10924 | D:12     | Killed Rupert
 11135 | D:12     | Reached skill level 10 in Armour
 11231 | D:12     | Killed a four-headed hydra
 11518 | Lair:3   | Found a staircase to the Snake Pit.
 11587 | Lair:3   | Killed an eight-headed hydra
 11694 | Lair:3   | Noticed an eight-headed hydra
 11700 | Lair:3   | Killed an eight-headed hydra
 11871 | Lair:3   | Reached skill level 15 in Axes
 11871 | Lair:3   | Reached XP level 13. HP: 43/111 MP: 5/5
 12153 | Lair:3   | Found a staircase to the Swamp.
 12438 | Lair:4   | Reached ****** piety under Makhleb
 13163 | Lair:5   | Noticed a minotaur
 13172 | Lair:5   | Noticed Enish's ghost (journeyman DDFi)
 13340 | Lair:5   | Found a runed translucent gate.
 13341 | Lair:5   | Found a runed translucent gate.
 13342 | Lair:5   | Found a runed translucent gate.
 13567 | Lair:5   | Found a staircase to the Slime Pits.
 13803 | Lair:5   | Found a viscous altar of Jiyva.
 14018 | Lair:6   | Entered Level 6 of the Lair of Beasts
 14107 | Lair:6   | Reached skill level 9 in Invocations
 14487 | Lair:6   | Reached skill level 10 in Invocations
 14595 | Lair:6   | Found a runed translucent door.
 14597 | Lair:6   | Noticed nikku's ghost (journeyman MiBe)
 14754 | Lair:6   | Gained mutation: You resist negative energy. (rN+) [Deep
                  | Dwarf growth]
 14754 | Lair:6   | Reached XP level 14. HP: 113/120 MP: 7/7
 14875 | Lair:6   | Reached skill level 11 in Invocations
 14927 | Lair:6   | Found the +27 Lear's hauberk
 15623 | Orc:1    | Entered Level 1 of the Orcish Mines
 16431 | D:13     | Reached skill level 12 in Invocations
 16439 | D:13     | Found a flagged portal.
 16454 | Bailey   | Entered a bailey
 16498 | Bailey   | Found a burning altar of Makhleb.
 16544 | Bailey   | Got a pair of masterwork boots
 16555 | Bailey   | Identified the cursed +0 pair of boots "Ralat" {+Fly} (You
                  | found it in a bailey)
 16779 | D:13     | Found a gate to the Vaults.
 16826 | D:13     | Found an ancient bone altar of Kikubaaqudgha.
 16869 | D:13     | Found Udacvigh's Armour Shoppe.
 17140 | D:14     | Reached skill level 15 in Evocations
 17413 | D:14     | Found a shattered altar of Ashenzari.
 17413 | D:14     | Noticed Jorgrun
 17441 | D:14     | Killed Jorgrun
 17441 | D:14     | Reached skill level 13 in Invocations
 17545 | D:14     | Reached XP level 15. HP: 126/126 MP: 9/9
 17560 | D:14     | Identified 2 scrolls of acquirement
 17563 | D:14     | Got the ring of Erivics {rN+ MR+ Dex+6}
 17910 | D:14     | Got a crude brass ring
 17911 | D:14     | Identified the ring of Surprise {rPois Slay+6} (You found
                  | it on level 14 of the Dungeon)
 18155 | D:14     | Found Olull's Assorted Antiques.
 18161 | D:14     | Bought a glowing broad axe for 280 gold pieces
 18396 | D:15     | Entered Level 15 of the Dungeon
 18597 | D:15     | Reached skill level 14 in Invocations
 18703 | D:15     | Reached skill level 10 in Shields
 19180 | D:15     | Found a staircase to the Depths.
 19424 | Orc:2    | Entered Level 2 of the Orcish Mines
 19424 | Orc:2    | Noticed an orc warlord
 19457 | Orc:2    | Killed an orc warlord
 19471 | Orc:2    | Noticed Josephine
 19484 | Orc:2    | Killed Josephine
 19530 | Orc:2    | Noticed an orc warlord
 19548 | Orc:2    | Killed an orc warlord
 19568 | Orc:2    | Reached skill level 15 in Invocations
 19569 | Orc:2    | Noticed Nergalle
 19590 | Orc:2    | Killed Nergalle
 19591 | Orc:2    | Found a roughly hewn altar of Beogh.
 19618 | Orc:2    | Found Junuroi's Antique Weapon Shoppe.
 19639 | Orc:2    | Found Paesumer's General Store.
 19870 | Orc:1    | Found Vecon's Jewellery Emporium.
 20128 | Orc:1    | Noticed an orc warlord
 20129 | Orc:1    | Gained mutation: You are frail. (-10% HP) [a neqoxec]
 20131 | Orc:1    | Noticed an orc warlord
 20141 | Orc:1    | Reached XP level 16. HP: 119/119 MP: 10/10
 20560 | Orc:1    | Bought the ring "Sygaroy" {*Corrode rC+++ MR++ Str+6
                  | Stlth+} for 1355 gold pieces
 20629 | Orc:2    | Found Zofah's Antique Armour Shoppe.
 20658 | Orc:2    | Found a staircase to the Elven Halls.
 20708 | Orc:2    | Found Raatouji's Book Shoppe.
 20714 | Orc:2    | Bought a manual of Axes for 1545 gold pieces
 21185 | Snake:1  | Entered Level 1 of the Snake Pit
 21240 | Snake:1  | Found Calad's Antique Weapon Emporium.
 21330 | Snake:1  | Found a frozen archway.
 21345 | IceCv    | Entered an ice cave
 21646 | Snake:1  | Reached skill level 16 in Invocations
 21734 | Snake:1  | Found a runed translucent gate.
 21735 | Snake:1  | Found a runed translucent gate.
 21736 | Snake:1  | Found a runed translucent gate.
 21737 | Snake:1  | Noticed Wiopsas's ghost (journeyman GnWz)
 21737 | Snake:1  | Noticed Romunoh's ghost (adept SpAs)
 21738 | Snake:1  | Noticed Wep Hom's ghost (adept DsAr)
 22496 | Snake:2  | Noticed MisterFreud's ghost (adept HOFi)
 22497 | Snake:2  | Found a transporter.
 22498 | Snake:2  | Found a transporter.
 23385 | Snake:3  | Reached skill level 10 in Fighting
 23392 | Snake:3  | Reached XP level 17. HP: 137/137 MP: 11/11
 23979 | Snake:4  | Entered Level 4 of the Snake Pit
 24059 | Snake:4  | Identified Roxanne's Volume of Transmutation
 24059 | Snake:4  | Noticed Roxanne
 24178 | Swamp:1  | Entered Level 1 of the Swamp
 24409 | Swamp:1  | Noticed Nikola
 24425 | Swamp:1  | Killed Nikola
 26300 | Swamp:4  | Entered Level 4 of the Swamp
 26647 | Swamp:4  | Found a basalt altar of Yredelemnul.
 26807 | Swamp:4  | Reached skill level 15 in Armour
 26880 | Swamp:4  | Gained mutation: You passively map a large area around you.
                  | [Deep Dwarf growth]
 26880 | Swamp:4  | Reached XP level 18. HP: 153/153 MP: 0/12
 26923 | Swamp:4  | Reached skill level 15 in Shields
 26961 | Swamp:4  | Noticed the 27-headed Lernaean hydra
 26971 | Swamp:4  | Killed the 26-headed Lernaean hydra
 27105 | Swamp:4  | Got a decaying rune of Zot
 27345 | Swamp:4  | Found an iron altar of Okawaru.
 27909 | Snake:4  | Found Fagegycei's Armour Shoppe.
 27917 | Snake:4  | Bought the +8 chain mail "Teupol" {MR+ Slay+3} for 1184
                  | gold pieces
 27928 | Snake:4  | Found Yfown's Distillery.
 27943 | Snake:4  | Bought a potion of might for 68 gold pieces
 27943 | Snake:4  | Bought a potion of might for 68 gold pieces
 27943 | Snake:4  | Bought a potion of heal wounds for 85 gold pieces
 27943 | Snake:4  | Bought a potion of might for 68 gold pieces
 28119 | Snake:4  | Reached skill level 15 in Fighting
 28243 | Snake:4  | Got a serpentine rune of Zot
 28827 | Snake:4  | Killed Roxanne
 29169 | Vaults:1 | Entered Level 1 of the Vaults
 29192 | Vaults:1 | Reached XP level 19. HP: 167/167 MP: 0/13
 29366 | Vaults:1 | Reached skill level 17 in Invocations
 29389 | Vaults:1 | You fall into a shaft and drop 1 floor!
 30079 | Vaults:1 | Reached skill level 18 in Invocations
 30714 | Vaults:2 | Noticed a lich
 30730 | Vaults:2 | Killed a lich
 30765 | Vaults:2 | Reached skill level 19 in Invocations
 30797 | Vaults:2 | Reached XP level 20. HP: 174/174 MP: 0/15
 30817 | Vaults:2 | Identified the +1 robe of Decompression {rPois rC- Str+6
                  | Dex+3}
 32027 | Vaults:3 | Gained mutation: You tend to lose your temper in combat. [a
                  | shining eye]
 32028 | Vaults:3 | Reached skill level 20 in Invocations
 32388 | Vaults:3 | Found Hetu's Gadget Emporium.
 32400 | Vaults:3 | Bought a tin of tremorstones (3/3) for 880 gold pieces
 32669 | Vaults:3 | Lost mutation: You are frail. (-10% HP) [potion of
                  | mutation]
 32669 | Vaults:3 | Lost mutation: You tend to lose your temper in combat.
                  | [potion of mutation]
 32669 | Vaults:3 | Gained mutation: You are robust. (+10% HP) [potion of
                  | mutation]
 32669 | Vaults:3 | Gained mutation: You are somewhat resistant to further
                  | mutation. [potion of mutation]
 32697 | Vaults:3 | Found a staircase to the Crypt.
 32927 | Vaults:3 | Reached skill level 21 in Invocations
 33628 | Vaults:4 | Reached XP level 21. HP: 221/221 MP: 0/17
 34218 | Vaults:4 | Reached skill level 22 in Invocations
 35025 | Vaults:5 | Entered Level 5 of the Vaults
 35032 | Vaults:5 | Reached skill level 23 in Invocations
 35072 | Vaults:5 | Reached skill level 24 in Invocations
 35075 | Vaults:5 | Noticed an ancient lich
 35095 | Vaults:5 | Killed an ancient lich
 35101 | Vaults:5 | Noticed a golden dragon
 35113 | Vaults:5 | Reached XP level 22. HP: 231/231 MP: 0/20
 35125 | Vaults:5 | Killed a golden dragon
 35139 | Vaults:5 | Reached skill level 25 in Invocations
 35350 | Vaults:5 | Reached skill level 26 in Invocations
 35365 | Vaults:5 | Got a silver rune of Zot
 35743 | Vaults:5 | Found the amulet of the Air {Inacc +Fly rElec EV+5 RMsl}
 35977 | Vaults:5 | Got a clouded jade ring
 35978 | Vaults:5 | Identified the ring "Tam Hoca" {+Blink rC+++ Str-2 Int+6
                  | SInv} (You found it on level 5 of the Vaults)
 36010 | Vaults:5 | Reached skill level 27 in Invocations
 36011 | Vaults:5 | Reached skill level 1 in Stealth
 36044 | Vaults:5 | Got a coiled lapis lazuli ring
 36045 | Vaults:5 | Identified the ring of Xom's Fury {rN+ Dex+2} (You found it
                  | on level 5 of the Vaults)
 36572 | Elf:1    | Entered Level 1 of the Elven Halls
 36667 | Elf:1    | Reached skill level 5 in Stealth
 36847 | Elf:1    | Reached XP level 23. HP: 238/238 MP: 0/22
 37049 | Elf:1    | Identified the Guide on Conjuration
 37472 | Elf:2    | Noticed Agnes
 37483 | Elf:2    | Killed Agnes
 37590 | Elf:2    | Found a runed translucent gate.
 37590 | Elf:2    | Found a runed translucent gate.
 37591 | Elf:2    | Found a runed translucent gate.
 38366 | Elf:3    | Entered Level 3 of the Elven Halls
 38494 | Elf:3    | Reached skill level 10 in Stealth
 38658 | Elf:3    | Identified the Disquisition on Calling
 38906 | Elf:3    | Found Zuiba's Distillery.
 38921 | Elf:3    | Bought a potion of resistance for 170 gold pieces
 38921 | Elf:3    | Bought a potion of haste for 170 gold pieces
 39165 | Elf:3    | Identified the +7 scimitar of Integrity {flame, Str+4}
 39378 | Elf:3    | Identified the +8 war axe "Dyskiull" {flame, rN+ Int+3
                  | Stlth+}
 39471 | Elf:3    | Got a pair of brightly glowing boots
 39472 | Elf:3    | Identified the +0 pair of boots of Ru's Envy {MP+9 Int+3}
                  | (You found it on level 3 of the Elven Halls)
 39481 | Elf:3    | Got a smoking ivory ring
 39482 | Elf:3    | Identified the ring of Gipeupri {AC+4 Slay+3} (You found it
                  | on level 3 of the Elven Halls)
 39505 | Elf:3    | Got a smoking amber ring
 39506 | Elf:3    | Identified the ring "Hollyrug" {rC+ rN+} (You found it on
                  | level 3 of the Elven Halls)
 39520 | Elf:3    | Got a fine ivory ring
 39585 | Elf:3    | Got a wavering jade ring
 39586 | Elf:3    | Identified the ring of Raujyut {rElec Stlth-} (You found it
                  | on level 3 of the Elven Halls)
 39587 | Elf:3    | Identified the ring "Deses" {+Fly MR- MP+9 Str+2} (You
                  | found it on level 3 of the Elven Halls)
 39785 | Orc:1    | Bought an uncursed ring of resist corrosion for 260 gold
                  | pieces
 40092 | Lair:5   | Killed Enish's ghost
 40202 | Lair:6   | Killed nikku's ghost
 40423 | Snake:1  | Killed Wep Hom's ghost
 40432 | Snake:1  | Killed Wiopsas's ghost
 40444 | Snake:1  | Killed Romunoh's ghost
 40550 | Snake:2  | Killed MisterFreud's ghost
 40550 | Snake:2  | Reached XP level 24. HP: 251/251 MP: 3/22
 40696 | Slime:1  | Entered Level 1 of the Pits of Slime
 40938 | Slime:5  | Entered Level 5 of the Pits of Slime
 40986 | Slime:5  | Found a viscous altar of Jiyva.
 40986 | Slime:5  | Noticed the Royal Jelly
 41344 | Slime:5  | Reached skill level 15 in Stealth
 41355 | Slime:5  | Killed the Royal Jelly
 41417 | Slime:5  | Got a slimy rune of Zot
 41427 | Slime:5  | Got an encrusted broad axe
 41428 | Slime:5  | Identified the +6 broad axe of the Boar {freeze, rF- Dex+5}
                  | (You found it on level 5 of the Pits of Slime)
 41467 | Slime:5  | Got a crude glass ring
 41468 | Slime:5  | Identified the ring "Bifub" {rF- rN+ Str+5} (You found it
                  | on level 5 of the Pits of Slime)
 41877 | Depths:1 | Entered Level 1 of the Depths
 42076 | Depths:1 | Found a sparkling altar of Nemelex Xobeh.
 42099 | Depths:1 | Found a portal to a secret trove of treasure.
 42125 | Depths:1 | You paid a toll of 18 potions of curing to enter a treasure
                  | trove
 42126 | Trove    | Entered a treasure trove
 42138 | Trove    | Got a scorched copper ring
 42139 | Trove    | Identified the ring of Makhleb's Outrage {rPois rF+ EV+4
                  | Int+7 Dex-3} (You found it in a treasure trove)
 42171 | Trove    | Got an ancient platinum ring
 42172 | Trove    | Identified the ring "Ytryo" {*Contam +Fly SInv Stlth+} (You
                  | found it in a treasure trove)
 42446 | Depths:1 | Found a runed translucent door.
 42449 | Depths:1 | Found a radiant altar of Vehumet.
 42450 | Depths:1 | Noticed an ancient lich
 42605 | Depths:1 | Found a one-way gate leading to the halls of Pandemonium.
 42670 | Depths:1 | Found a gateway to Hell.
 43422 | Depths:2 | Reached XP level 25. HP: 264/264 MP: 22/22
 44653 | Depths:3 | Noticed Frederick
 44657 | Depths:3 | Found a bloodstained altar of Trog.
 44676 | Depths:3 | Killed Frederick
 44783 | Depths:3 | Found a one-way gate to the infinite horrors of the Abyss.
 44941 | Depths:3 | Noticed the Enchantress
 44957 | Depths:3 | Killed the Enchantress
 45669 | Depths:4 | Found Cusynloi's Food Boutique.
 45793 | Depths:4 | Noticed a juggernaut
 45810 | Depths:4 | Killed a juggernaut
 46172 | Depths:4 | You fall into a shaft and drop 1 floor!
 46172 | Depths:5 | Entered Level 5 of the Depths
 46173 | Depths:5 | Found a corrupted altar of Lugonu.
 46236 | Depths:5 | Reached XP level 26. HP: 275/275 MP: 22/22
 46488 | Depths:5 | Found a gate to the Realm of Zot.
 47272 | Depths:5 | Found a gateway to a ziggurat.
 47746 | Zot:1    | Entered Level 1 of the Realm of Zot
 48989 | Zot:2    | Reached XP level 27. HP: 283/283 MP: 22/22
 52022 | Zot:5    | Entered Level 5 of the Realm of Zot
 52133 | Zot:5    | Found a runed translucent gate.
 52133 | Zot:5    | Found a runed translucent gate.
 52133 | Zot:5    | Found a runed translucent gate.
 52299 | Zot:5    | Noticed an ancient lich
 52303 | Zot:5    | Noticed an ancient lich
 52316 | Zot:5    | Killed an ancient lich
 52323 | Zot:5    | Killed an ancient lich
 52336 | Zot:5    | Noticed an ancient lich
 52336 | Zot:5    | Noticed an orb of fire
 52370 | Zot:5    | Noticed an orb of fire
 52373 | Zot:5    | Gained mutation: You are clumsy. (Dex -2) [an orb of fire]
 52375 | Zot:5    | Gained mutation: Your body sometimes deteriorates upon
                  | taking damage. [an orb of fire]
 52376 | Zot:5    | Killed an orb of fire
 52381 | Zot:5    | Noticed an ancient lich
 52384 | Zot:5    | Killed an orb of fire
 52384 | Zot:5    | Killed an ancient lich
 52393 | Zot:5    | Killed an ancient lich
 52402 | Zot:5    | Noticed an ancient lich
 52408 | Zot:5    | Noticed an ancient lich
 52409 | Zot:5    | Noticed an orb of fire
 52425 | Zot:5    | Killed an ancient lich
 52428 | Zot:5    | Gained mutation: You occasionally shout uncontrollably at
                  | your foes. [an orb of fire]
 52430 | Zot:5    | Killed an orb of fire
 52431 | Zot:5    | Killed an ancient lich
 52513 | Zot:5    | Got the Orb of Zot
 52530 | Zot:5    | Noticed Neip the pandemonium lord
 52546 | Zot:5    | Killed Neip the pandemonium lord
 52582 | Zot:5    | Noticed Emues the pandemonium lord
 52602 | Zot:5    | Killed Emues the pandemonium lord
 52612 | Zot:5    | Noticed an orb of fire
 52632 | Zot:5    | Gained mutation: You are dopey. (Int -2) [an orb of fire]
 52634 | Zot:5    | Killed an orb of fire
 53113 | D:6      | Noticed Veobesch the pandemonium lord
 53120 | D:6      | Cast into level 4 of the Abyss (Veobesch)
 53338 | D:6      | Escaped the Abyss
 53364 | D:6      | Gained mutation: You are weak. (Str -2) [a cacodemon]
 53367 | D:6      | Gained mutation: Scrolls take you a little longer to read.
                  | [a cacodemon]
 53372 | D:6      | HP: 1/311 [Ice Fiend (38)]
 53373 | D:6      | Annihilated by an Ice Fiend

Illustrated notes

Levels and vault maps discovered:
D:1:      zaba_arrival_water, layout_loops_ring
D:2:      layout_loops_ring, gammafunk_temple_overflow_elements, uniq_robin,
          uniq_crazy_yiuf_cottage
D:3:      layout_loops_ring, nicolae_gozag_seed_capital
D:4:      layout_rooms, lightli_temple_of_fire, kennysheep_mini_moat,
          minmay_temple_entry_purple_smoke, portal_sewer_entry_e, uniq_edmund,
          uniq_blork_the_orc, uniq_eustachio
D:5:      layout_loops_ring, fedhas_altar_3, first_ration, basic_altar
D:6:      layout_basic, item_on_display_a, uniq_sigmund
D:7:      layout_basic, uniq_joseph
D:8:      minmay_klotski, layout_loops_cross, kennysheep_mini,
          due_lair_maze_entry_diamond, nicolae_ossuary_entry_monument,
          hangedman_little_slice_of_home
D:9:      layout_roguey, eat_drink_and_be_merry_uskayaw
D:10:     layout_roguey, minmay_orc_entry_temple_small, uniq_fannar
D:11:     layout_small_grid
D:12:     layout_basic, uniq_rupert
D:13:     layout_cave_pools, erik_vaults_2, basic_altar, serial_shops,
          nicolae_shop_statue_plus, enter_bailey_2, hangedman_weighted_door,
          item_on_display_a
D:14:     minmay_the_grid_octo_tiled_octocenter [minmay_the_grid_octo_teeth,
          minmay_the_grid_octo_tetromino_candy, minmay_the_grid_octo_checkered,
          minmay_the_grid_octo_77, minmay_the_grid_octo_prize_big_c,
          minmay_the_grid_square_5x5_two_walls_a,
          minmay_the_grid_square_5x5_mess, minmay_the_grid_square_5x5_percent,
          minmay_the_grid_square_5x5_hourglass], layout_basic, serial_shops,
          shop, ashenzari_altar_1, minmay_misc_feat_x, uniq_jorgrun
D:15:     gammafunk_enter_depths_forms, layout_irregular_city, eino_curves_04,
          hangedman_abyss_or_decor_passed
Temple:   jpeg_temple_clearing
Lair:1:   layout_roguey, grunt_megastairs_2
Lair:2:   layout_cave_pods
Lair:3:   layout_big_grid, swamp_mist_pool, guppyfry_snake_entry_island,
          enter_volcano_3, lemuel_oklob_altar, lemuel_fruit_fields
Lair:4:   layout_cave_pods
Lair:5:   layout_cave_pods, slime_altar_1, maelrawn_ghost_gauntlet_escape,
          chequers_serial_rivers_room_b
Lair:6:   minmay_lair_end_enchanted_forest, layout_cave_pods,
          ebering_ghost_inner_flame, nicolae_quartered_pool_super
Swamp:1:  layout_falls_marsh, nicolae_swamp_very_dense_foliage, swamp_pool4,
          uniq_nikola
Swamp:2:  layout_falls_marsh, evilmike_swamp_ruin_house_6
Swamp:3:  layout_basic_swamp, nicolae_swamp_triple_paths
Swamp:4:  swamp_old_school, layout_basic_swamp, swamp_pool3, basic_altar,
          hangedman_swamp_blocks, grunt_ruined_hall
Snake:1:  layout_basic, portal_ice_cave_entry_dragon, serial_shops,
          nicolae_shop_statue_plus, gammafunk_ghost_cemetery, drop_trap
Snake:2:  layout_rooms, gammafunk_ghost_arena, drop_trap, grunt_ministairs_10,
          st_stairs_9, hangedman_snake_corridor_split
Snake:3:  layout_onion_interference, grunt_ministairs_8, drop_trap,
          grunt_megastairs_3
Snake:4:  grunt_snake_rune_pools, layout_cave_town, st_stairs_12,
          nrook_guardian_serpent_ordinary, serial_bayou_shore_a,
          lemuel_fruit_tree, minmay_shoptagon, serial_bayou_shore_b,
          uniq_roxanne
Slime:1:  cheibrodos_slime_lost_civilization_8, layout_caves,
          nicolae_slime_barrier
Slime:2:  layout_caves
Slime:3:  layout_caves
Slime:4:  layout_caves
Slime:5
Orc:1:    layout_diamond_mine, serial_shops, nicolae_shop_crystal,
          minmay_orc_treasury
Orc:2:    grunt_orc_cross, layout_caves, minmay_orc_keep, uniq_josephine
Elf:1:    layout_loops_cross, minmay_elf_annihilation
Elf:2:    layout_gridlike, uniq_agnes
Elf:3:    minmay_elf_hall_not_hex, layout_onion_city, serial_shops, shop,
          minmay_elf_demonology
Vaults:1: nicolae_vaults_network_quinsquares
          [nicolae_vaults_network_quincunx_subvault,
          nicolae_vaults_network_quincunx_subvault,
          nicolae_vaults_network_quincunx_subvault,
          nicolae_vaults_network_quincunx_subvault], v_misc_16,
          nicolae_vaults_network_s, nicolae_vaults_asterisk,
          dpeg_vaults_monster_box, layout_vaults_omnigrid
Vaults:2: ontoclasm_vaults_ring_square, grunt_vaults_focal, st_greater_box_3,
          nicolae_vaults_shelves_hall, hangedman_vaults_trim,
          vaults_room_ringed_pool, v_misc_28, nicolae_vaults_back_hallway,
          v_misc_14, vaults_room_pool, nicolae_vaults_little_squares_6,
          vaults_room_hallway, layout_vaults_maze_snakey, mu_enter_wizlab_7
Vaults:3: vaults_room_grunt_arrival_ludios, v_alt_pattern_3, v_alt_pattern_5,
          nicolae_vaults_what_the_h, v_rooms_5, ontoclasm_vaults_eye,
          nicolae_vaults_network_periphery, vaults_mumra_lcd,
          ontoclasm_vaults_decontamination, v_misc_24, layout_vaults_omnibox,
          minmay_crypt_entry_simple_round, serial_shops, nicolae_shop_waterfront
Vaults:4: v_misc_29, grunt_vaults_swirl, nicolae_vaults_quartermaster,
          v_rooms_6, nicolae_vaults_windows_and_doors_thing,
          ontoclasm_vaults_spin, ontoclasm_vaults_tryst,
          nicolae_vaults_shelves_hall, vaults_dpeg_ring, serial_ice_m,
          vaults_dpeg_spiral, nicolae_vaults_mini_display_case,
          nicolae_vaults_shelves_hall, layout_vaults_omnicross
Vaults:5
Depths:1: layout_gridlike, grunt_pan_entry_spiral, hell_entry,
          nemelex_xobeh_ov_fountains_minmay, enter_trove_1, minivault_16,
          grunt_absolute_annihilation
Depths:2: gold_lair_mu, layout_gridlike, hangedman_abyss_or_decor_slice,
          hell_entry, minmay_misc_feat_roman, minmay_staircase_windowed_large
Depths:3: spriggan_forest, abyss_entry, pan_entry, hell_entry, uniq_frederick
Depths:4: four-leaf_vault, layout_cave_pools, serial_shops,
          nicolae_shop_waterfront, minmay_room_of_horrors,
          infiniplex_staircase_spiral_double, grunt_hell_entry_dis_grunt
Depths:5: grunt_zot_entry_pinwheel, layout_basic, enter_ziggurat_e, pan_entry,
          hell_entry, chequers_serial_rivers_room_a, abyss_entry_flame_altar
Zot:1:    layout_gridlike
Zot:2:    layout_basic, grunt_ministairs_12, guppyfry_library_mini
Zot:3:    layout_gridlike
Zot:4:    layout_basic, hangedman_snake_sidewinding
Zot:5:    layout_misc_corridors, gammafunk_ghost_tricky_traps,
          hangedman_zot_decor_checkerboard

Skill      XL: |  1  2  3  4  5  6  7  8  9 10 11 12 13 14 15 16 17 18 19 20 21 22 23 24 25 26 27 |
---------------+----------------------------------------------------------------------------------+-----
Axes           | 3 4 5 7 8 9 10 12 13 15 16 17 18 20 21 22 23 | 23.2
Armour         | 4 5 6 8 10 11 13 15 17 19 20 21 22 23 | 23.4
Shields        | 4 5 6 8 9 11 13 14 15 16 17 20 24 26 | 26.1
Fighting       | 5 6 10 12 15 16 17 23 | 23.5
Invocations    | 5 8 10 13 15 16 19 21 24 27 | 27.0
Evocations     | 5 8 10 12 13 15 16 | 16.0
Stealth        | 6 13 15 | 15.0

Action                   |  1- 3 |  4- 6 |  7- 9 | 10-12 | 13-15 | 16-18 | 19-21 | 22-24 | 25-27 || total
-------------------------+-------+-------+-------+-------+-------+-------+-------+-------+-------++-------
Melee: War axe           |   134 |   159 |   400 |   914 |       |       |       |       |       ||  1607
       Battleaxe         |       |       |       |   107 |   884 |       |       |       |       ||   991
       Broad axe         |       |       |       |       |   361 |  1349 |  1117 |  1470 |  2286 ||  6583
Invok: Lesser Servant of |       |       |       |     4 |       |       |       |       |       ||     4
       Major Destruction |       |       |       |     4 |       |     1 |       |       |     1 ||     6
       Greater Servant o |       |       |       |     2 |     2 |       |       |       |     5 ||     9
 Abil: Heal Wounds       |       |     3 |     5 |    39 |     2 |       |       |       |    19 ||    68
       Evoke Invisibilit |       |       |       |       |     8 |       |       |       |       ||     8
Evoke: Wand              |       |       |       |    26 |     4 |     4 |       |       |     3 ||    37
       Phial of floods   |       |       |       |       |       |     1 |       |       |       ||     1
       Tin of tremorston |       |       |       |       |       |       |     1 |     6 |     1 ||     8
  Use: Potion            |       |     1 |       |       |       |     2 |     1 |     5 |     4 ||    13
       Scroll            |       |     2 |     4 |    24 |    19 |     5 |     1 |    19 |    13 ||    87
 Stab: Invisible         |       |       |       |       |    39 |       |       |       |       ||    39
       Paralysed         |       |       |       |       |     9 |       |       |       |       ||     9
       Sleeping          |       |       |       |       |       |       |       |     3 |    17 ||    20
       Distracted        |       |       |       |       |       |       |       |     3 |     4 ||     7
       Confused          |       |       |       |       |       |       |       |     3 |     8 ||    11
  Eat: Chunk             |     2 |     4 |    11 |    14 |    30 |    26 |    18 |    25 |    24 ||   154
       Ration            |       |       |       |     4 |       |     2 |       |     1 |     3 ||    10
Armor: Scale mail        |    79 |    23 |       |       |       |       |       |       |       ||   102
       Acid dragon scale |       |    57 |   167 |   520 |    21 |       |       |       |       ||   765
       Plate armour      |       |       |       |       |   878 |   561 |       |       |       ||  1439
       Chain mail        |       |       |       |       |       |    76 |   367 |   549 |   772 ||  1764
Dodge: Dodged            |    32 |    92 |   135 |   382 |   386 |   263 |   179 |   350 |   562 ||  2381
       Repelled          |       |       |       |       |       |       |       |    31 |    39 ||    70
Block: Kite shield       |    63 |    98 |   199 |   536 |   191 |  1083 |   915 |  1063 |   304 ||  4452
       Tower shield      |       |       |       |       |       |       |       |       |  2257 ||  2257
